 Dungeon Crawl Stone Soup version 0.19-a0-1886-gd64a0f0 (webtiles) character file.

69 xeno23 the Grave Robber (level 4, -1/36 HPs)
             Began as a Ghoul Necromancer on Oct 15, 2016.
             Slain by an orc
             ... wielding a +0 short sword
              (5 damage)
             ... on level 3 of the Dungeon.
             The game lasted 00:06:18 (1654 turns).

xeno23 the Grave Robber (Ghoul Necromancer)         Turns: 1654, Time: 00:06:19

Health: -1/36      AC:  5    Str: 14    XL:     4   Next: 20%
Magic:  3/6        EV: 10    Int: 10    God:
Gold:   137        SH:  0    Dex: 10    Spells: 3 memorised, 2 levels left

rFire  . . .     SeeInvis .     l - +0 spear (venom)
rCold  + . .     Gourm    .     f - +0 ring mail
rNeg   + + +     Faith    .     (no shield)
rPois  ∞         Spirit   .     (no helmet)
rElec  .         Dismiss  .     (no cloak)
rCorr  .         Reflect  .     (no gloves)
MR     .....     Harm     .     (no boots)
Stlth  ..........               (no amulet)
                                k - +3 ring of strength
                                d - ring of loudness (curse)

@: very slightly contaminated, rotting
A: rotting body, claws 1, carnivore 3, cold resistance 1, negative energy
resistance 3, slow regeneration 1, torment resistance, unbreathing
a: no special abilities


You were on level 3 of the Dungeon.
You were not hungry.

You visited 1 branch of the dungeon, and saw 3 of its levels.

You collected 137 gold pieces.

Inventory:

Hand Weapons
 l - a +0 spear of venom (weapon)
Armour
 a - a +0 robe
 f - a +0 ring mail (worn)
Jewellery
 d - a cursed ring of loudness (left claw)
 k - a +3 ring of strength (right claw)
Scrolls
 e - 2 scrolls of amnesia {unknown}
 i - a scroll of magic mapping {unknown}
 m - 2 scrolls of identify {unknown}
 n - 2 scrolls of remove curse {unknown}
 o - 3 scrolls of recharging {unknown}
Potions
 g - 2 potions of invisibility {unknown}
 h - 2 potions of curing {unknown}
 j - a potion of lignification {unknown}
 p - a potion of mutation {unknown}
Books
 b - a book of Necromancy

   Spells                             Type                      Level
   a - Pain                           Necromancy                   1
   b - Animate Skeleton               Necromancy                   1
   c - Vampiric Draining              Necromancy                   3
   d - Regeneration                   Charms/Necromancy            3
   e - Animate Dead                   Necromancy                   4
   f - Control Undead                 Necromancy                   4
Comestibles
 c - a meat ration
 q - 3 chunks of flesh


   Skills:
 + Level 1.8 Fighting
 * Level 0.8 Polearms
 - Level 1.7 Dodging
 - Level 2.1 Stealth
 - Level 2.0 Spellcasting
 * Level 0.3 Charms
 * Level 4.8 Necromancy


You had 2 spell levels left.
You knew the following spells:

 Your Spells              Type           Power        Failure   Level  Hunger
a - Pain                  Necr           ##..         12%         1    ##.....
b - Animate Skeleton      Necr           N/A          12%         1    ##.....
e - Regeneration          Chrm/Necr      #.........   71%         3    ####...


Dungeon Overview and Level Annotations

Branches:
Dungeon (3/15)

Altars:


Innate Abilities, Weirdness & Mutations

Your body is rotting away.
You thrive on raw meat.
You are immune to poison.
You have sharp fingernails.
You are carnivorous and can eat meat at any time.
Your flesh is cold resistant. (rC+)
You are immune to negative energy. (rN+++)
You regenerate slowly when monsters are visible.
You are immune to unholy pain and torment.
You can survive without breathing.


Message History

Okay, then.
Casting: Pain
Confirm with . or Enter, or press ? or * to list all spells.
Aiming: Pain
Press: ? - help, Shift-Dir - straight line, f/p - orc priest
Aim: an orc priest, wearing a leather armour (chance to defeat MR: 63%)
The orc priest writhes in agony!
The orc barely misses you.
The orc priest hits you but does no damage.
Casting: Pain
Confirm with . or Enter, or press ? or * to list all spells.
Aiming: Pain
Press: ? - help, Shift-Dir - straight line, f/p - orc priest
Aim: an orc priest, wearing a leather armour (moderately wounded, chance to defeat MR: 63%)
The orc priest writhes in agony!
The orc completely misses you.
The orc priest hits you but does no damage.
An orc comes into view. It is wielding a falchion.
You hit the orc priest.
The orc priest is poisoned.
The orc priest is heavily wounded.
The orc hits you with a short sword.
You die...

# ###########..... #.
#.......#.....#
#.##.#####.#.#.#.##
#........#........#
####..#.###.###.#....##
#........##.###........
..##..#..........#####.
# #..#.###.####...#...
#..@.<# # #...#...
#...oo.....# #.......
....>.......## #.......
####.........######...##
#o######............. #.
######....### # #.##(#
#.##.# #.##.#


You could see an orc priest and 2 orcs.

Vanquished Creatures
  2 adders
  A gnoll (D:2)
  4 worms
  A leopard gecko (D:1)
  An orc (D:3)
  A ball python (D:3)
  2 giant cockroaches
  2 goblins (D:1)
  A hobgoblin (D:2)
  5 kobolds
  A quokka (D:3)
  2 bats
  4 frilled lizards
  4 rats
31 creatures vanquished.

Vanquished Creatures (others)
  2 ghouls (D:1)
  An octopode (D:1)
  3 vine stalkers (D:1)
  2 humans (D:1)
  A dwarf (D:1)
  An ogre (D:1)
  3 centaurs (D:1)
  A mummy (D:1)
  An orc (D:1)
  6 tentacles (D:1)
21 creatures vanquished.

Grand Total: 52 creatures vanquished

Notes
Turn   | Place    | Note
-------+----------+-------------------------------------------
     0 | D:1      | xeno23 the Ghoul Necromancer began the quest for the Orb.
     0 | D:1      | Reached XP level 1. HP: 14/14 MP: 2/2
     2 | D:1      | Noticed a dwarf
     2 | D:1      | Noticed a centaur
     2 | D:1      | Noticed a ghoul
     2 | D:1      | Noticed a centaur
     2 | D:1      | Noticed an ogre
     2 | D:1      | Noticed a ghoul
     2 | D:1      | Noticed an octopode
     2 | D:1      | Noticed a kraken
     2 | D:1      | Noticed a centaur
     2 | D:1      | Noticed a vine stalker
     2 | D:1      | Noticed a vine stalker
     2 | D:1      | Noticed a human
     2 | D:1      | Noticed a human
     2 | D:1      | Noticed a vine stalker
     8 | D:1      | Killed a vine stalker
     9 | D:1      | Killed a ghoul
    11 | D:1      | Killed an octopode
    12 | D:1      | Killed a centaur
    12 | D:1      | Killed a dwarf
    13 | D:1      | Killed an ogre
    14 | D:1      | Killed a centaur
    14 | D:1      | Killed a centaur
    15 | D:1      | Killed a vine stalker
    18 | D:1      | Killed a human
    19 | D:1      | Killed a human
    20 | D:1      | Killed a vine stalker
    20 | D:1      | Killed a ghoul
   225 | D:1      | Reached XP level 2. HP: 22/22 MP: 2/4
   360 | D:1      | Reached skill level 1 in Fighting
   756 | D:2      | Reached XP level 3. HP: 28/28 MP: 0/5
  1151 | D:2      | You fall through a shaft!
  1562 | D:3      | Learned a level 1 spell: Animate Skeleton
  1566 | D:3      | Learned a level 3 spell: Regeneration
  1590 | D:3      | Reached XP level 4. HP: 35/36 MP: 6/6
  1654 | D:3      | Slain by an orc

Vault maps used:
D:1:      nicolae_arrival_kraken_aquarium_b
D:3:      minmay_quantized

Skill      XL: |  1  2 |
---------------+-------+-----
Spellcasting   | 2 |  2.0
Fighting       | 1 |  1.8
Polearms       | |  0.8
Dodging        | |  1.7
Stealth        | |  2.1
Charms         | |  0.3
Necromancy     | |  4.8

Action                   |  1- 3 |  4- 6 || total
-------------------------+-------+-------++-------
Melee: Unarmed           |    40 |       ||    40
       Spear             |    24 |    28 ||    52
 Cast: Pain              |    37 |     2 ||    39
 Stab: Sleeping          |     2 |       ||     2
  Eat: Chunk             |     6 |       ||     6
Armor: Robe              |     7 |       ||     7
       Ring mail         |    11 |     7 ||    18
Dodge: Dodged            |    46 |     9 ||    55
